 Dungeon Crawl Stone Soup version 0.29.1-12-g30fa7ad0bf (webtiles) character file.

Game seed: 14627456956623451143

110453 FexLirch the Brawler (level 16, -5/163 HPs)
             Began as a Troll Fighter on Dec 22, 2022.
             Was the Champion of Wu Jian.
             Slain by a wolf spider (18 damage)
             ... led by a jorogumo
             ... on level 1 of the Spider Nest.
             The game lasted 01:15:37 (18780 turns).

FexLirch the Brawler (Troll Fighter)               Turns: 18780, Time: 01:15:38

Health: -5/163     AC: 15    Str: 28    XL:     16   Next: 7%
Magic:  15/15      EV: 13    Int: 13    God:    Wu Jian [******]
Gold:   1733       SH: 13    Dex:  9    Spells: 10/15 levels left

rFire   + . .      SeeInvis .     - Unarmed
rCold   + . .      Faith    .   b - +2 kite shield
rNeg    + . .      Spirit   .   K - +0 swamp dragon scales
rPois   +          Reflect  .   U - +2 hat {Int+3}
rElec   .          Harm     .   o - scarf {rC+ rF+}
rCorr   .          Rampage  .   (gloves unavailable)
Will    +....                   (boots unavailable)
Stlth   ..........              i - amulet of regeneration
HPRegen 1.97/turn               J - +4 ring of protection
MPRegen 0.14/turn               t - ring of positive energy

@: about to teleport, in a heavenly storm, slowed, glowing, very slow
A: large, unfitting armour, claws 3, regeneration 1, shaggy fur 1, tough skin 1
a: Renounce Religion, Wall Jump, Serpent's Lash, Heavenly Storm


You were on level 1 of the Spider Nest.
You worshipped Wu Jian.
Wu Jian was exalted by your worship.
You visited 6 branches of the dungeon, and saw 24 of its levels.

You collected 2319 gold pieces.
You spent 586 gold pieces at shops.

Inventory:

Missiles
 u - 6 atropa-tipped darts
 z - 52 poisoned darts
 A - 9 throwing nets
 B - 7 boomerangs
 F - 2 javelins
 Q - 17 large rocks (quivered)
Armour
 b - a +2 kite shield (worn)
 o - a scarf of resistance (worn)
 K - +0 swamp dragon scales (worn)
 T - a +2 robe of cold resistance
 U - a +2 hat of intelligence (worn)
Magical Staves
 p - a staff of earth
Jewellery
 i - an amulet of regeneration (around neck)
 t - a ring of positive energy (right claw)
 J - a +4 ring of protection (left claw)
 N - a +4 ring of protection
 P - a +4 ring of slaying
 R - a ring of poison resistance
 S - a ring of ice
 V - a ring of see invisible
 Y - a ring of willpower
Wands
 h - a wand of roots (19)
 x - a wand of flame (52)
 y - a wand of acid (14)
 H - a wand of digging (21)
 I - a wand of paralysis (12)
Scrolls
 a - 2 scrolls of teleportation
 d - 5 scrolls of magic mapping
 f - 6 scrolls of fog
 k - 5 scrolls of noise
 r - 4 scrolls of immolation
 s - 2 scrolls of fear
 v - a scroll of torment
 w - 2 scrolls of blinking
 D - 7 scrolls of amnesia
 L - 3 scrolls of vulnerability
 M - a scroll of poison
 W - a scroll of silence
 Z - 6 scrolls of identify
Potions
 c - 4 potions of might
 e - 5 potions of curing
 g - 4 potions of attraction
 j - 8 potions of ambrosia
 l - 2 potions of brilliance
 m - 4 potions of heal wounds
 n - 2 potions of magic
 q - a potion of resistance
 C - a potion of invisibility
 E - 5 potions of lignification
 G - 3 potions of haste
 O - 4 potions of mutation
 X - 2 potions of flight


   Skills:
 + Level 11.4 Fighting
 + Level 10.3 Dodging
 + Level 12.4 Shields
 * Level 18.3 Unarmed Combat


You had 10 spell levels left.
You knew the following spells:

 Your Spells              Type           Power      Damage    Failure   Level
a - Blink                 Tloc           0%         N/A       75%         2
b - Beastly Appendage     Tmut           0%         N/A       61%         1
c - Wereblood             Tmut           0%         N/A       75%         2

Your spell library contained the following spells:

 Spells                   Type           Power      Damage    Failure   Level
 Magic Dart               Conj           0%         1d3       61%         1
 Sting                    Tmut/Pois      0%         1d3       61%         1
 Call Imp                 Summ           0%         N/A       75%         2
 Ensorcelled Hibernation  Hex/Ice        0%         N/A       75%         2
 Passwall                 Tmut/Erth      0%         N/A       75%         2
 Poisonous Vapours        Pois/Air       0%         N/A       75%         2
 Lesser Beckoning         Tloc           0%         N/A       93%         3
 Mephitic Cloud           Conj/Pois/Air  0%         N/A       93%         3
 Ozocubu's Armour         Ice            0%         N/A       93%         3
 Spider Form              Tmut/Pois      0%         N/A       93%         3
 Anguish                  Hex/Necr       0%         N/A       100%        4
 Corpse Rot               Necr/Pois/Air  0%         N/A       100%        4
 Olgreb's Toxic Radiance  Pois           0%         N/A       100%        4
 Iskenderun's Battlesphe  Conj           0%         2d6       100%        5
 Lee's Rapid Deconstruct  Erth           0%         3d5*      100%        5
 Manifold Assault         Tloc           0%         N/A       100%        5
 Metabolic Englaciation   Hex/Ice        0%         N/A       100%        5
 Summon Forest            Summ/Tloc      0%         N/A       100%        5
 Dispersal                Tloc           0%         N/A       100%        6
 Iron Shot                Conj/Erth      0%         9d1       100%        6
 Simulacrum               Ice/Necr       0%         N/A       100%        6
 Spellforged Servitor     Conj/Summ      0%         N/A       100%        7
 Storm Form               Tmut/Air       0%         N/A       100%        7
 Disjunction              Tloc           0%         N/A       100%        8


Dungeon Overview and Level Annotations

Branches:
Dungeon (12/15)            Temple (1/1) D:7            Lair (5/5) D:10
  Swamp (3/4) Lair:2       Spider (1/4) Lair:2        Slime (0/5) Lair:5
    Orc (2/2) D:10            Elf (0/3) Orc:2

Altars:
Cheibriados
Dithmenos
Fedhas
Hepliaklqana
Nemelex Xobeh
Qazlal
Vehumet
Wu Jian
Xom
Zin
The Shining One
Jiyva

Shops:
D:1 [   D:7 :   Orc:2 *:!(

Annotations:
D:12 Rupert


Innate Abilities, Weirdness & Mutations

You are too large for most types of armour.
You have claws for hands.
Your natural rate of healing is unusually fast.
You are covered in fur. (AC +1)
You have tough skin. (AC +1)


Message History

You block the wolf spider's attack. x2; The jorogumo barely misses you.
The wolf spider hits you. The wolf spider closely misses you.
You hear a faint skittering sound.
You closely miss the jorogumo.
The jorogumo is severely wounded.
You block the jorogumo's attack. The wolf spider closely misses you.
You block the wolf spider's attack.
The jorogumo stares at you and mumbles some strange words.
The stream of webbing hits you but does no damage.
You are caught in a web!
The wolf spider hits you! The wolf spider barely misses you.
You hear a faint skittering sound.
The web tears apart.
The wolf spider hits you!
* * * LOW HITPOINT WARNING * * *
The wolf spider bites you.
* * * LOW HITPOINT WARNING * * *
The jumping spider leaps!
The jorogumo hits you but does no damage.
The wolf spider hits you but does no damage.
The wolf spider bites you.
* * * LOW HITPOINT WARNING * * *
You block the jorogumo's attack.
You eviscerate the jorogumo!!!
You kill the jorogumo!
The Council accepts your kill.
The wolf spider hits you but does no damage.
You block the wolf spider's attack. The wolf spider hits you!
* * * LOW HITPOINT WARNING * * *
The wolf spider bites you but does no damage.
You hear a faint skittering sound.
There is nothing to wall jump against here.
As you read the scroll of teleportation, it crumbles to dust.
You feel strangely unstable.
You hear a faint skittering sound.
The wolf spider barely misses you.
The wolf spider bites you but does no damage.
The wolf spider hits you!
* * * LOW HITPOINT WARNING * * *
The wolf spider closely misses you. The wolf spider hits you!!
You die... ss.

..# .. #. ### ..#..#
.# .. ##.. #....#..#
.. >.s ## .w....
.##.. #.####..# ...s
####§s#§☼..# #s.##
##.#.swss○.## ##...#
#..####ss###
#ss.##### #...##@sw#
ss#.#.#.####..^###§#
ss###...#^#...## ###
#s.##..........#
°s#####....#####
...##...##^...#
.####....##..###
......####.....#
#.......##.#..##


You could see a torpor snail, 2 wolf spiders, a culicivora, a jumping spider and
a tarantella.

Vanquished Creatures
  Gastronok (Lair:1)
  A fenstrider witch (Swamp:3)
  3 eleionomae
  2 bunyips
  Snorg (Lair:4)
  Fannar (Lair:1)
  A shambling mangrove (Swamp:1)
  Harold (Lair:2)
  5 hydras
  A jorogumo (Spider:1)
  A catoblepas (Lair:5)
  A centaur warrior (Orc:2)
  2 radroaches
  A boulder beetle (Lair:5)
  An alligator (Swamp:3)
  9 death yaks
  A two-headed ogre (Orc:2)
  A steelbarb worm (Spider:1)
  An orb spider (Spider:1)
  3 spriggan druids
  2 goliath frogs (Swamp:1)
  A lindwurm (Lair:5)
  3 bog bodies
  4 orc knights (Orc:2)
  A deep elf pyromancer (D:12)
  Pikel (D:4)
  2 orc sorcerers (Orc:2)
  A wolf spider (Spider:1)
  4 manticores
  An oklob plant (Lair:3)
  2 will-o-the-wisps
  4 cyclopes
  A moth of wrath (Lair:5)
  6 elephants
  6 black mambas
  2 demonic crawlers
  4 torpor snails
  14 cane toads
  2 kobold demonologists (D:12)
  Maggie (D:8)
  3 unseen horrors (D:11)
  8 komodo dragons
  3 rime drakes
  7 tyrant leeches
  3 meliai
  A queen bee (Lair:2)
  3 trolls
  A polar bear (Lair:3)
  8 hornets
  25 blink frogs
  2 dream sheep (Lair:5)
  2 jumping spiders (Spider:1)
  Sigmund (D:4)
  9 wyverns
  27 yaks
  12 spriggans
  6 basilisks
  Grum (D:8)
  3 steam dragons
  3 redbacks (Spider:1)
  3 wargs (D:10)
  15 vampire mosquitoes
  9 swamp worms
  An acid dragon (D:11)
  Duvessa (D:4)
  20 water moccasins
  3 black bears
  A swamp drake (Swamp:3)
  3 sky beasts
  27 orc warriors
  16 centaurs
  6 ogres
  27 wolves
  3 phantoms
  4 kobold brigands
  12 bullfrogs
  4 gnoll sergeants
  A necrophage (D:5)
  10 scorpions
  6 wights
  Dowan (D:4)
  26 killer bees
  3 electric eels
  5 howler monkeys
  3 jellies
  4 orc priests
  A hound (D:5)
  2 gnoll boudas
  4 iguanas
  19 orc wizards
  A hell rat (Lair:5)
  7 adders
  23 gnolls
  2 shadow imps
  3 white imps
  3 worms
  3 dart slugs
  45 orcs
  8 ball pythons
  2 endoplasms
  7 giant cockroaches
  5 hobgoblins
  6 jackals
  28 kobolds
  4 quokkas
  13 bats
  2 frilled lizards
  10 goblins
  A rat (D:2)
641 creatures vanquished.

Vanquished Creatures (others)
  20 foxfires
  9 fungi
  54 plants
83 creatures vanquished.

Grand Total: 724 creatures vanquished

Notes
Turn   | Place    | Note
-------+----------+-------------------------------------------
     0 | D:1      | FexLirch the Troll Fighter began the quest for the Orb.
     0 | D:1      | Reached XP level 1. HP: 22/22 MP: 0/0
   145 | D:1      | Reached XP level 2. HP: 29/29 MP: 1/1
   250 | D:1      | Found Lazyunu's Antique Armour Shoppe.
   720 | D:1      | Reached XP level 3. HP: 36/36 MP: 2/2
   755 | D:2      | Reached skill level 3 in Unarmed Combat
  2241 | D:4      | Reached XP level 4. HP: 45/45 MP: 3/3
  2382 | D:4      | Noticed Duvessa
  2382 | D:4      | Noticed Dowan
  2404 | D:4      | Killed Duvessa
  2405 | D:4      | Reached skill level 4 in Unarmed Combat
  2405 | D:4      | Reached XP level 5. HP: 48/53 MP: 4/4
  2406 | D:4      | Killed Dowan
  2407 | D:4      | Reached XP level 6. HP: 54/61 MP: 5/5
  2565 | D:4      | Reached skill level 5 in Unarmed Combat
  2639 | D:4      | Noticed Sigmund
  2650 | D:4      | Killed Sigmund
  2651 | D:4      | Reached XP level 7. HP: 67/68 MP: 6/6
  2663 | D:4      | Found a radiant altar of Vehumet.
  2663 | D:4      | Found an ornate altar of the Wu Jian Council.
  2663 | D:4      | Found a shadowy altar of Dithmenos.
  2677 | D:4      | Noticed Pikel
  2693 | D:4      | Killed Pikel
  2694 | D:4      | Reached skill level 6 in Unarmed Combat
  2782 | D:1      | Bought a steaming robe for 96 gold pieces
  2782 | D:1      | Identified the +0 robe of Nodod {+Inv rPois MP-9} (You
                  | bought it in a shop on level 1 of the Dungeon)
  3228 | D:4      | Learned a level 2 spell: Blink
  3695 | D:5      | Entered Level 5 of the Dungeon
  3703 | D:4      | Reached skill level 5 in Shields
  3703 | D:4      | Reached XP level 8. HP: 78/79 MP: 0/7
  3708 | D:5      | Reached skill level 7 in Unarmed Combat
  3716 | D:5      | Identified the +5 war axe of Pain and Death {vorpal, Drain
                  | rPois Dex+7 Stlth+}
  4096 | D:5      | Reached skill level 5 in Fighting
  4364 | D:5      | Found a hazy altar of Hepliaklqana.
  4465 | D:4      | Became a worshipper of the Wu Jian Council
  4706 | D:6      | Reached skill level 8 in Unarmed Combat
  4767 | D:6      | Got the Compendium of the Topological Caves
  4917 | D:6      | Reached XP level 9. HP: 74/88 MP: 0/8
  5036 | D:6      | Reached * piety under Wu Jian
  5289 | D:6      | Reached skill level 9 in Unarmed Combat
  5462 | D:7      | Found a sparkling altar of Nemelex Xobeh.
  5475 | D:7      | Found a staircase to the Ecumenical Temple.
  5487 | Temple   | Entered the Ecumenical Temple
  5503 | D:7      | Found Ulea's Vocational Training.
  6283 | D:8      | Noticed Grum
  6367 | D:8      | Killed Grum
  6368 | D:8      | Reached skill level 10 in Unarmed Combat
  6481 | D:8      | Reached ** piety under Wu Jian
  6482 | D:8      | Reached XP level 10. HP: 49/100 MP: 9/9
  6990 | D:8      | Identified the +1 ring mail "Irghepef" {rF- Regen+ rCorr}
  7062 | D:8      | Noticed Maggie
  7079 | D:8      | Killed Maggie
  7324 | D:9      | Found a glowing golden altar of the Shining One.
  7451 | D:9      | Reached *** piety under Wu Jian
  7472 | D:9      | Found a blossoming altar of Fedhas.
  7473 | D:9      | Found a glowing silver altar of Zin.
  7476 | D:9      | Found a snail-covered altar of Cheibriados.
  7476 | D:9      | Found a stormy altar of Qazlal.
  7695 | D:9      | Reached skill level 11 in Unarmed Combat
  7980 | D:10     | Entered Level 10 of the Dungeon
  8238 | D:10     | Found a staircase to the Lair.
  8407 | D:10     | Found a staircase to the Orcish Mines.
  8673 | D:10     | Found a shimmering altar of Xom.
  8868 | D:11     | Noticed a manticore
  8875 | D:11     | Killed a manticore
  8876 | D:11     | Reached skill level 5 in Dodging
  8914 | D:11     | Reached XP level 11. HP: 99/109 MP: 10/10
  9048 | D:11     | Reached **** piety under Wu Jian
  9094 | D:11     | Noticed a skeletal warrior
  9094 | D:11     | Noticed a skeletal warrior
  9095 | D:11     | Noticed a skeletal warrior
  9387 | D:11     | Reached skill level 12 in Unarmed Combat
  9781 | D:12     | Noticed a soul eater
  9811 | D:12     | Noticed a four-headed hydra
  9823 | D:12     | Noticed a deep elf pyromancer
  9825 | D:12     | Noticed a six-headed hydra
  9834 | D:12     | Killed a deep elf pyromancer
 10071 | D:12     | Noticed Rupert
 10071 | D:12     | Paralysed by Rupert for 2 turns
 10078 | D:12     | Paralysed by Rupert for 4 turns
 10327 | D:11     | Noticed a skeletal warrior
 10366 | Lair:1   | Entered Level 1 of the Lair of Beasts
 10535 | Lair:1   | Reached skill level 13 in Unarmed Combat
 10563 | Lair:1   | Reached XP level 12. HP: 110/120 MP: 11/11
 10724 | Lair:1   | Noticed Fannar
 10749 | Lair:1   | Killed Fannar
 11018 | Lair:1   | Noticed a seven-headed hydra
 11024 | Lair:1   | Killed an eight-headed hydra
 11153 | Lair:1   | Reached ***** piety under Wu Jian
 11268 | Lair:1   | Noticed Gastronok
 11283 | Lair:1   | Killed Gastronok
 11376 | Lair:1   | Reached skill level 14 in Unarmed Combat
 11582 | Lair:2   | Found a staircase to the Swamp.
 11845 | Lair:2   | Found a hole to the Spider Nest.
 11893 | Lair:2   | Noticed Harold
 11903 | Lair:2   | Killed Harold
 12295 | Lair:3   | Reached skill level 10 in Shields
 12301 | Lair:3   | Reached XP level 13. HP: 128/131 MP: 12/12
 12784 | Lair:3   | Reached skill level 15 in Unarmed Combat
 13105 | Lair:4   | Noticed Snorg
 13112 | Lair:4   | Killed Snorg
 13278 | Lair:4   | Learned a level 1 spell: Beastly Appendage
 13281 | Lair:4   | Learned a level 2 spell: Wereblood
 13775 | Lair:5   | Entered Level 5 of the Lair of Beasts
 13836 | Lair:5   | Reached skill level 10 in Fighting
 13836 | Lair:5   | Reached skill level 16 in Unarmed Combat
 13836 | Lair:5   | Reached XP level 14. HP: 143/143 MP: 13/13
 13847 | Lair:5   | Found a viscous altar of Jiyva.
 13847 | Lair:5   | Found a staircase to the Slime Pits.
 13902 | Lair:5   | Reached ****** piety under Wu Jian
 14153 | Lair:5   | Reached XP level 15. HP: 119/152 MP: 14/14
 15217 | Orc:1    | Entered Level 1 of the Orcish Mines
 15591 | Orc:2    | Entered Level 2 of the Orcish Mines
 15668 | Orc:2    | Found a staircase to the Elven Halls.
 15684 | Orc:2    | Reached skill level 17 in Unarmed Combat
 15971 | Orc:2    | Found Plog's Book Boutique.
 15971 | Orc:2    | Found Senytio's Distillery.
 15973 | Orc:2    | Found Duer's Antique Weapon Shoppe.
 15975 | Orc:2    | Found Hoigraq's General Store.
 15987 | Orc:2    | Bought a potion of resistance for 150 gold pieces
 15993 | Orc:2    | Bought a potion of curing for 45 gold pieces
 15993 | Orc:2    | Bought a potion of cancellation for 120 gold pieces
 16000 | Orc:2    | Bought a potion of might for 52 gold pieces
 16000 | Orc:2    | Bought a scroll of teleportation for 39 gold pieces
 16000 | Orc:2    | Bought a scroll of teleportation for 39 gold pieces
 16154 | Orc:2    | Paralysed by an orc sorcerer for 4 turns
 16764 | Orc:2    | Bought a potion of flight for 45 gold pieces
 16897 | Swamp:1  | Entered Level 1 of the Swamp
 17876 | Swamp:2  | You fall into a shaft and drop 1 floor!
 17898 | Swamp:3  | Reached skill level 10 in Dodging
 17959 | Swamp:2  | Noticed a fenstrider witch
 17971 | Swamp:2  | Paralysed by a hornet for 2 turns
 17977 | Swamp:3  | Paralysed by a fenstrider witch for 5 turns
 17982 | Swamp:3  | HP: 4/154 [fenstrider witch (9)]
 17983 | Swamp:3  | Killed a fenstrider witch
 17983 | Swamp:3  | Reached skill level 18 in Unarmed Combat
 17987 | Swamp:3  | HP: 6/154 [poison]
 18095 | Swamp:2  | Paralysed by a hornet for 3 turns
 18386 | Spider:1 | Entered Level 1 of the Spider Nest
 18590 | Spider:1 | Reached XP level 16. HP: 97/163 MP: 15/15
 18780 | Spider:1 | Slain by a wolf spider

Illustrated notes

Levels and vault maps discovered:
D:1:      psy_arrival_basics, layout_loops_ring, serial_shops, shop_statue,
          roderic_roman_lattice
D:2:      layout_basic
D:3:      layout_loops_corners
D:4:      layout_layer_cave, gammafunk_temple_overflow_claw, minivault_27,
          uniq_sigmund, uniq_duvessa, uniq_pikel
D:5:      layout_basic, general_overflow_altar, minivault_5
D:6:      layout_loops_cross, minmay_holes
D:7:      layout_loops_ring, nemelex_diamond_rough_becter,
          minmay_temple_entry_junction, serial_bayou_pond_d,
          nicolae_shop_vocational
D:8:      layout_layer_cave, st_stairs_4, uniq_grum, uniq_maggie
D:9:      layout_irregular_city, tso_metal_star, grunt_temple_overflow_open
D:10:     layout_loops_ring, mainiacjoe_overflow_alcove_1,
          erik_lair_orcish_takeover, orc_0_dummy
D:11:     old_forge, layout_loops_ring, moated_statue
D:12:     layout_stronghold, serial_column_ruins, column_ruins_grid_1,
          column_ruins_open_tiny, column_ruins_grid_4,
          column_ruins_columns_dead_end, column_ruins_grid_1,
          column_ruins_grid_1, column_ruins_open_small, minmay_puff, uniq_rupert
Temple:   jpeg_temple_clearing
Lair:1:   layout_loops_ring, grunt_megastairs_4, uniq_gastronok, uniq_fannar
Lair:2:   layout_long_grid, minmay_swamp_entry_reptiles,
          nicolae_spider_entry_non_spiders, patterned_corridor,
          infiniplex_staircase_pool, grunt_megastairs_5, uniq_harold
Lair:3:   minmay_lair_oklob_tunnel, layout_gridlike, grunt_megastairs_1,
          lemuel_fruit_fields, serial_bayou_shore_b
Lair:4:   layout_cave_shapes, infiniplex_staircase_pool_2, uniq_snorg
Lair:5:   hangedman_lair_in_review, layout_cave_shapes,
          dpeg_slime_entry_enclosed, serial_bayou, serial_bayou_ford_a,
          serial_bayou_lagoon_a, serial_bayou_pond_c, serial_bayou_shore_a,
          serial_bayou_pond_c, minmay_stone_trees_small, worms_lemuel
Swamp:1:  nicolae_swamp_secret_spriggan_hideout, layout_falls_marsh,
          nicolae_swamp_some_circles
Swamp:2:  layout_falls_marsh, nicolae_swamp_round_clearing
Swamp:3:  layout_falls_marsh, evilmike_swamp_ruin_rubble_1
Spider:1: layout_spider_delve, special_room [special_room_bee]
Orc:1:    layout_caves
Orc:2:    st_orc_rangers, layout_diamond_mine, basic_altar

Skill      XL: |  1  2  3  4  5  6  7  8  9 10 11 12 13 14 15 |
---------------+----------------------------------------------+-----
Shields        | 3 4 5 6 7 9 10 11 12 | 12.4
Unarmed Combat | 3 4 5 6 8 10 11 13 14 16 18 | 18.3
Fighting       | 3 4 5 6 7 8 9 10 11 | 11.4
Dodging        | 3 5 6 7 8 9 10 | 10.3

Action                   |  1- 3 |  4- 6 |  7- 9 | 10-12 | 13-15 | 16-18 || total
-------------------------+-------+-------+-------+-------+-------+-------++-------
Melee: Unarmed           |   117 |    41 |   314 |   755 |  1045 |    44 ||  2316
Throw: Stone             |     4 |       |     7 |       |       |       ||    11
       Dart              |       |       |       |    12 |       |       ||    12
       Javelin           |       |       |       |     1 |     2 |       ||     3
       Large rock        |       |       |       |     3 |    27 |       ||    30
       Boomerang         |       |       |       |     2 |       |       ||     2
Invok: Lunge             |       |       |    12 |    48 |    63 |     1 ||   124
       Whirlwind         |       |       |    34 |    92 |   161 |     3 ||   290
       Serpent's Lash    |       |       |       |     1 |     7 |       ||     8
       Heavenly Storm    |       |       |       |       |       |     1 ||     1
 Abil: Wall Jump         |       |       |       |       |     3 |       ||     3
Evoke: Wand              |       |       |     2 |     4 |       |       ||     6
  Use: Scroll            |       |     2 |     9 |    13 |     9 |     2 ||    35
       Potion            |       |     1 |     1 |     5 |     9 |       ||    16
 Stab: Paralysed         |       |       |       |     4 |       |       ||     4
       Distracted        |       |       |       |       |     1 |       ||     1
Armor: Robe              |    32 |     1 |    42 |     2 |       |       ||    77
       Swamp dragon scal |       |       |       |   247 |   321 |    24 ||   592
       Skin              |       |       |       |    13 |    23 |       ||    36
Dodge: Dodged            |    32 |    11 |    88 |   157 |   268 |    35 ||   591
Block: Kite shield       |    35 |     8 |   123 |   322 |   467 |    49 ||  1004
